Map: Ley Lines

Players

IIIIiiIiIiIi - Winner!

  • Race: Protoss Protoss
  • League: Diamond
  • Spawn Location: 1:00

SubN

  • Race: Zerg Zerg
  • League: Diamond
  • Spawn Location: 7:00

VOD

Have the link to the VOD?

Description

Time

  • Played on: July 26, 2025, 7:59 p.m.
  • Length: 12:36
Show
View Real Time Build Order
Export as new Build Order

IIIIiiIiIiIi Protoss - Winner!

Build Orders: Carriers 

Get SALT Encoding   

  12  0:00  Probe  
  13  0:12  Probe  
  14  0:19  Pylon  
  14  0:24  Probe  
  15  0:33  Probe  
  15  0:39  Pylon  
  15  0:41  Probe  
  17  0:51  Probe  
  18  1:03  Probe  
  19  1:16  Probe  
  20  1:26  Nexus  
  20  1:28  Probe  
  21  1:33  Forge  
  21  1:40  Probe  
  22  1:50  Gateway  
  22  1:54  Pylon  
  22  1:57  Probe  
  23  2:06  Photon Cannon  
  23  2:10  Probe  
  23  2:12  Assimilator  
  23  2:15  Assimilator  
  24  2:19  Probe  
  24  2:27  Probe  
  26  2:37  Zealot  
  26  2:43  Photon Cannon  
  27  2:49  Probe  
  26  2:51  Probe  
  26  2:57  Probe  
  27  2:59  Probe  
  27  3:05  Probe  
  29  3:09  Pylon  
  29  3:10  Probe  
  31  3:15  Probe  
  32  3:21  Cybernetics Core  
  32  3:22  Probe  
  32  3:24  Probe  
  33  3:32  Probe  
  34  3:34  Probe  
  34  3:35  Pylon  
  36  3:43  Probe  
  36  3:44  Probe  
  38  3:50  Photon Cannon  
  38  3:52  Probe  
  39  3:55  Probe  
  39  3:59  Warp Gate  
  39  4:00  Stargate  
  39  4:01  Probe  
  40  4:04  Shield Battery  
  40  4:07  Probe  
  42  4:13  Probe, Photon Cannon  
  42  4:16  Adept  
  45  4:19  Probe  
  46  4:24  Shield Battery  
  46  4:25  Probe  
  47  4:39  Probe x2  
  47  4:41  Assimilator  
  47  4:42  Assimilator  
  47  4:44  Shield Battery  
  49  4:47  Void Ray  
  53  5:05  Pylon x2  
  51  5:19  Pylon x2  
  51  5:20  Stalker  
  57  5:36  Probe x2, Void Ray  
  59  5:48  Probe x2  
  59  5:49  Fleet Beacon  
  61  5:50  Nexus  
  61  5:53  Pylon  
  61  5:55  Pylon  
  61  5:57  Pylon, Protoss Air Weapons Level 1  
  61  6:00  Probe x2  
  63  6:06  Forge  
  63  6:08  Pylon, Probe  
  63  6:13  Probe  
  63  6:17  Probe  
  65  6:18  Stargate  
  65  6:25  Shield Battery, Probe  
  67  6:27  Probe  
  67  6:30  Stargate  
  68  6:37  Probe  
  68  6:39  Probe, Photon Cannon  
  70  6:40  Photon Cannon  
  70  6:42  Gateway  
  70  6:47  Assimilator  
  70  6:49  Probe  
  70  6:51  Assimilator  
  71  6:55  Probe  
  73  7:01  Probe  
  73  7:07  Probe  
  74  7:09  Probe  
  74  7:10  Carrier  
  74  7:13  Probe  
  82  7:20  Probe  
  83  7:25  Mothership  
  89  7:32  Probe x2  
  91  7:42  Carrier  
  95  7:44  Probe  
  95  7:45  Probe  
  93  7:57  Probe x2  
  93  7:58  Adept x2  
  99  8:01  Carrier  
  99  8:05  Gateway  
  105  8:06  Gateway  
  105  8:08  Gateway  
  105  8:09  Probe x2  
  105  8:10  Twilight Council  
  107  8:14  Pylon  
  107  8:16  Pylon  
  107  8:19  Adept x2  
  111  8:21  Probe x2  
  111  8:25  Pylon  
  113  8:28  Protoss Air Armor Level 1  
  113  8:33  Probe x2  
  115  8:36  Carrier  
  115  8:38  Protoss Shields Level 1  
  121  8:44  Probe  
  121  8:45  Probe x2  
  124  8:50  Resonating Glaives  
  124  8:56  Probe, Photon Cannon  
  124  8:59  Nexus  
  124  9:01  Pylon  
  125  9:04  Pylon  
  125  9:07  Templar Archives  
  125  9:11  Cybernetics Core, Pylon  
  125  9:14  Probe x2  
  127  9:19  Probe  
  128  9:25  Pylon  
  128  9:26  Probe  
  128  9:27  Gateway  
  128  9:28  Gateway  
  128  9:31  Gateway  
  129  9:33  Photon Cannon  
  129  9:38  Photon Cannon  
  129  9:41  Probe x2, Shield Battery  
  129  9:42  Probe  
  132  9:46  High Templar  
  132  9:47  High Templar x2  
  132  9:48  High Templar  
  140  9:53  Probe  
  140  9:54  Assimilator, Archon x2  
  140  9:58  Assimilator  
  140  9:59  Probe x2  
  143  10:04  Gateway  
  143  10:05  Probe  
  144  10:09  Robotics Facility  
  144  10:10  Photon Cannon  
  144  10:11  Probe  
  145  10:14  Probe  
  145  10:17  Gateway  
  145  10:18  Gateway  
  146  10:22  Gateway  
  146  10:26  Photon Cannon  
  146  10:28  High Templar x2  
  146  10:29  High Templar  
  146  10:30  High Templar  
  146  10:33  Archon  
  146  10:34  Archon  
  154  10:39  Nexus  
  154  10:41  Pylon  
  154  10:54  Carrier x2  
  154  10:55  Probe x2  
  154  10:56  Probe x2  
  170  11:01  Photon Cannon  
  170  11:03  Gateway  
  170  11:04  Photon Cannon  
  170  11:07  Photon Cannon  
  170  11:10  Photon Cannon  
  170  11:14  Shield Battery, Probe x3  
  170  11:15  Probe  
  170  11:16  Observer  
  175  11:21  Robotics Bay  
  175  11:25  High Templar x2  
  179  11:26  Probe  
  179  11:27  Probe x2  
  179  11:28  Probe  
  179  11:29  Archon  
  183  11:33  Observer, Photon Cannon  
  183  11:38  Probe  
  183  11:39  Probe, Photon Cannon  
  186  11:40  Shield Battery  
  186  11:48  Pylon  
  186  11:52  Photon Cannon  
  186  11:55  Stargate  
  186  12:02  Stargate  
  185  12:10  Adept x6  
  197  12:27  Nexus  
  197  12:30  Pylon  
  197  12:32  Photon Cannon  
  197  12:33  Pylon x2  
  197  12:34  Photon Cannon  
  197  12:35  Photon Cannon  
  197  12:36  Pylon  
Show
View Real Time Build Order
Export as new Build Order

SubN Zerg 

Build Orders: Pool First 

Get SALT Encoding   

  12  0:00  Drone  
  13  0:12  Overlord  
  13  0:18  Drone  
  14  0:30  Drone x2  
  16  0:48  Spawning Pool  
  15  1:01  Drone x2  
  17  1:04  Extractor  
  16  1:27  Hatchery  
  15  1:37  Zergling x6  
  18  1:48  Queen  
  20  1:57  Overlord  
  20  2:04  Drone  
  21  2:19  Evolution Chamber  
  21  2:21  Roach Warren  
  20  2:24  Drone x2  
  20  2:48  Drone x2  
  20  2:49  Drone  
  22  2:51  Queen  
  24  3:06  Roach x2  
  24  3:07  Roach  
  30  3:17  Roach x2  
  34  3:23  Roach  
  36  3:30  Overlord  
  36  3:44  Overlord  
  36  3:50  Ravager  
  36  3:51  Ravager  
  38  4:00  Zergling x2  
  38  4:01  Zergling x10  
  44  4:13  Drone x5  
  37  5:16  Drone x9  
  46  5:46  Lair  
  46  5:47  Spore Crawler  
  43  5:54  Drone  
  43  5:55  Overlord x3  
  43  5:56  Overlord  
  44  5:57  Spore Crawler  
  44  6:01  Extractor  
  44  6:02  Extractor  
  41  6:06  Extractor  
  40  6:13  Overlord x2, Queen  
  40  6:15  Drone x6  
  40  6:16  Drone  
  49  6:25  Drone x2  
  51  6:39  Drone  
  52  6:40  Drone x2  
  52  6:43  Drone, Hatchery  
  54  6:47  Drone  
  54  6:48  Hydralisk Den  
  54  6:49  Metabolic Boost  
  54  6:51  Baneling Nest  
  48  7:04  Roach x3  
  48  7:05  Roach x3  
  57  7:14  Roach  
  57  7:15  Roach x4  
  64  7:18  Hydralisk  
  64  7:35  Hydralisk x4  
  64  7:36  Hydralisk x2  
  64  7:54  Hatchery  
  64  7:57  Queen  
  63  8:02  Zergling x6  
  66  8:07  Muscular Augments  
  58  8:48  Spire  
  58  8:52  Centrifugal Hooks  
  58  8:54  Overlord  
  57  8:56  Zergling x16  
  57  9:01  Queen  
  67  9:07  Queen  
  69  9:10  Drone x2  
  69  9:11  Grooved Spines  
  69  9:13  Hydralisk  
  72  9:28  Drone x3  
  72  9:30  Drone x6  
  81  9:31  Overseer  
  81  9:38  Drone  
  82  9:48  Baneling x7  
  82  9:49  Baneling  
  82  9:57  Drone  
  82  9:59  Drone x4  
  87  10:00  Drone x2  
  87  10:03  Extractor  
  87  10:05  Extractor  
  87  10:06  Overlord  
  87  10:08  Overlord  
  87  10:11  Corruptor x2  
  91  10:14  Corruptor  
  91  10:18  Corruptor  
  95  10:29  Drone x4  
  95  10:30  Drone x2  
  95  10:31  Drone  
  102  10:44  Hatchery  
  102  10:46  Evolution Chamber  
  102  10:48  Evolution Chamber  
  99  10:51  Corruptor  
  99  10:52  Corruptor  
  99  10:56  Corruptor  
  105  11:11  Queen  
  105  11:14  Corruptor x3  
  113  11:21  Overlord x4  
  113  11:37  Overlord  
  115  11:40  Drone x9  
  115  11:45  Overlord  
  122  11:48  Overlord  
  122  11:55  Hydralisk x2  
  122  11:56  Hydralisk x2  
Tags
 
Composition
Carriers
Matchup
PvZ
Opening
Pool First
Replay Pack
Multiplayer
Spawn Locations
Cross Positions
Add a new tag
Caveats
  • Supply blocks, unpowered buildings, or Contaminate may cause inaccurate times.
  • Supply counts are checked every 10 seconds.